| TOP OF THE 1ST |
|
Kelowna Heat batting - Pitching for Miami Beach Marlins : RHP Ib Skovgaard
|
|
Pitching: RHP Ib Skovgaard
|
|
|
Batting: LHB Billy Lang
|
0-0: Ball 1-0: Foul Ball, location: 2F 1-1: Ball 2-1: Ground out 3-1 (Groundball, 34, EV 86.9 MPH)
|
|
Batting: RHB Mike Storey
|
0-0: Swinging Strike 0-1: Ball 1-1: Ball 2-1: Ball 3-1: Base on Balls
|
|
Batting: RHB Troy Trice
|
0-0: Foul Ball, location: 2F 0-1: Ball 1-1: Ball 2-1: Foul Ball, location: 2F 2-2: Ball 3-2: SINGLE (Line Drive, 8RS, EV 95.0 MPH) Mike Storey to second
|
|
Batting: LHB Alex Larangho
|
0-0: Foul Ball, location: 2F 0-1: Ball 1-1: Swinging Strike 1-2: Strikes out looking
|
|
Batting: RHB Soichi Kaneshiro
|
0-0: Called Strike 0-1: Called Strike 0-2: Strikes out swinging
|
| Top of the 1st over - 0 runs, 1 hit, 0 errors, 2 left on base; Kelowna 0 - Miami Beach 0 |
| BOTTOM OF THE 1ST |
|
Miami Beach Marlins batting - Pitching for Kelowna Heat : RHP Eric McBryde
|
|
Pitching: RHP Eric McBryde
|
|
|
Batting: RHB Torquato Uso
|
0-0: Ball 1-0: Ball 2-0: Foul Ball, location: 2F 2-1: Called Strike 2-2: Ground out U3 (Groundball, 3, EV 86.2 MPH)
|
|
Batting: LHB Henry Huezo
|
0-0: Ball 1-0: Ball 2-0: Called Strike 2-1: Foul Ball, location: 2F 2-2: Ball 3-2: Foul Ball, location: 2F 3-2: Base on Balls
|
|
Batting: RHB Orlando Melendres
|
0-0: Ball Henry Huezo is caught stealing 2nd base 2-4 1-0: Foul Ball, location: 2F 1-1: Ground out 6-3 (Groundball, 56D, EV 84.4 MPH)
|
| Bottom of the 1st over - 0 runs, 0 hits, 0 errors, 0 left on base; Kelowna 0 - Miami Beach 0 |
| TOP OF THE 2ND |
|
Kelowna Heat batting - Pitching for Miami Beach Marlins : RHP Ib Skovgaard
|
|
Batting: LHB Robert Leary
|
0-0: Called Strike 0-1: Foul Ball, location: 2F 0-2: Strikes out swinging
|
|
Batting: RHB Sean Gilbert
|
0-0: Foul Ball, location: 2F 0-1: Swinging Strike 0-2: Ball 1-2: Foul Ball, location: 2F 1-2: Strikes out swinging
|
|
Batting: RHB Glen Limeburner
|
0-0: Called Strike 0-1: Ground out 3-1 (Groundball, 34S, EV 81.9 MPH)
|
| Top of the 2nd over - 0 runs, 0 hits, 0 errors, 0 left on base; Kelowna 0 - Miami Beach 0 |
| BOTTOM OF THE 2ND |
|
Miami Beach Marlins batting - Pitching for Kelowna Heat : RHP Eric McBryde
|
|
Batting: SHB Emmet Brickowski
|
0-0: Ball 1-0: Foul Ball, location: 2F 1-1: Ball 2-1: Ground out 4-3 (Groundball, 4, EV 81.2 MPH)
|
|
Batting: LHB Luis Ortegon
|
0-0: Ball 1-0: Called Strike 1-1: Foul Ball, location: 2F 1-2: Foul Ball, location: 2F 1-2: Foul Ball, location: 2F 1-2: Foul Ball, location: 2F 1-2: Ground out 3-1 (Groundball, 34, EV 100.6 MPH)
|
|
Batting: RHB Melvin Nava
|
0-0: SINGLE (Groundball, 6D, EV 94.4 MPH)
|
|
Batting: RHB Corbin Chauvin
|
0-0: Fly out, F4 (Line Drive, 34, EV 70.0 MPH)
|
| Bottom of the 2nd over - 0 runs, 1 hit, 0 errors, 1 left on base; Kelowna 0 - Miami Beach 0 |
| TOP OF THE 3RD |
|
Kelowna Heat batting - Pitching for Miami Beach Marlins : RHP Ib Skovgaard
|
|
Batting: RHB Joe Nelson
|
0-0: Ball 1-0: Called Strike 1-1: Ball 2-1: Foul Ball, location: 2F 2-2: Strikes out swinging
|
|
Batting: LHB Billy Lang
|
0-0: Ball 1-0: Ball 2-0: Called Strike 2-1: Ball 3-1: Base on Balls
|
|
Batting: RHB Mike Storey
|
0-0: Foul Ball, location: 2F 0-1: Called Strike 0-2: Strikes out swinging
|
|
Batting: RHB Troy Trice
|
0-0: Swinging Strike 0-1: Foul Ball, location: 2F 0-2: Foul Ball, location: 2F 0-2: Strikes out looking
|
| Top of the 3rd over - 0 runs, 0 hits, 0 errors, 1 left on base; Kelowna 0 - Miami Beach 0 |
| BOTTOM OF THE 3RD |
|
Miami Beach Marlins batting - Pitching for Kelowna Heat : RHP Eric McBryde
|
|
Batting: RHB Chris Harlow
|
0-0: Called Strike 0-1: Ball 1-1: Foul Ball, location: 2F 1-2: Foul Ball, location: 2F 1-2: Strikes out swinging
|
|
Batting: RHB Jim Smallwood
|
0-0: Foul Ball, location: 2F 0-1: Ball 1-1: Ball 2-1: Foul Ball, location: 2F 2-2: Foul Ball, location: 2F 2-2: SOLO HOME RUN (Flyball, 7D, EV 109.4 MPH), Distance : 404 ft
|
|
Batting: RHB Torquato Uso
|
0-0: Called Strike 0-1: Ball 1-1: Ball 2-1: Ball 3-1: Base on Balls
|
|
Batting: LHB Henry Huezo
|
0-0: Called Strike Torquato Uso steals 2nd base (no throw) 0-1: Ball 1-1: Foul Ball, location: 2F 1-2: Ball 2-2: Ball 3-2: Fly out, F3 (Line Drive, 34, EV 64.4 MPH)
|
|
Batting: RHB Orlando Melendres
|
0-0: Ball 1-0: Ball 2-0: Ball 3-0: Base on Balls
|
|
Batting: SHB Emmet Brickowski
|
0-0: 3-RUN HOME RUN (Line Drive, 9LD, EV 95.6 MPH), Distance : 357 ft
|
|
Batting: LHB Luis Ortegon
|
0-0: Ball 1-0: Ball 2-0: Ball 3-0: Base on Balls
|
|
Batting: RHB Melvin Nava
|
0-0: Ball 1-0: Swinging Strike 1-1: Called Strike 1-2: Ball 2-2: Ball 3-2: Base on Balls Luis Ortegon to second
|
|
Batting: RHB Corbin Chauvin
|
0-0: Ball 1-0: Called Strike 1-1: Ball 2-1: Foul Ball, location: 2F 2-2: Ball 3-2: Foul Ball, location: 2F 3-2: SINGLE (Groundball, 6MD, EV 100.6 MPH) Luis Ortegon to third Melvin Nava to second Luis Ortegon scores Melvin Nava to third
|
|
Batting: RHB Chris Harlow
|
0-0: Ball 1-0: Ground out 5-3 (Groundball, 56, EV 100.6 MPH)
|
| Bottom of the 3rd over - 5 runs, 3 hits, 0 errors, 2 left on base; Kelowna 0 - Miami Beach 5 |
| TOP OF THE 4TH |
|
Kelowna Heat batting - Pitching for Miami Beach Marlins : RHP Ib Skovgaard
|
|
Batting: LHB Alex Larangho
|
0-0: Fly out, F8 (Flyball, 8RS, EV 92.5 MPH)
|
|
Batting: RHB Soichi Kaneshiro
|
0-0: Ball 1-0: Foul Ball, location: 2F 1-1: Foul Ball, location: 2F 1-2: Ball 2-2: Ball 3-2: Base on Balls
|
|
Batting: LHB Robert Leary
|
0-0: Ball 1-0: Called Strike 1-1: Foul Ball, location: 2F 1-2: Strikes out looking
|
|
Batting: RHB Sean Gilbert
|
0-0: Ball 1-0: Called Strike Soichi Kaneshiro is caught stealing 2nd base 2-4
|
| Top of the 4th over - 0 runs, 0 hits, 0 errors, 0 left on base; Kelowna 0 - Miami Beach 5 |
| BOTTOM OF THE 4TH |
|
Miami Beach Marlins batting - Pitching for Kelowna Heat : RHP Eric McBryde
|
|
Batting: RHB Jim Smallwood
|
0-0: Ball 1-0: Ball 2-0: Ball 3-0: Called Strike 3-1: Called Strike 3-2: Foul Ball, location: 2F 3-2: Ground out 6-3 (Groundball, 6, EV 91.2 MPH)
|
|
Batting: RHB Torquato Uso
|
0-0: Called Strike 0-1: Swinging Strike 0-2: Strikes out swinging
|
|
Batting: LHB Henry Huezo
|
0-0: Ball 1-0: Ball 2-0: Foul Ball, location: 2F 2-1: Ball 3-1: Base on Balls
|
|
Batting: RHB Orlando Melendres
|
0-0: Ball Henry Huezo steals 2nd, throwing error, E2 Henry Huezo to third 1-0: Ball 2-0: Called Strike 2-1: Ball 3-1: Called Strike 3-2: Strikes out swinging
|
| Bottom of the 4th over - 0 runs, 0 hits, 1 error, 1 left on base; Kelowna 0 - Miami Beach 5 |
| TOP OF THE 5TH |
|
Kelowna Heat batting - Pitching for Miami Beach Marlins : RHP Ib Skovgaard
|
|
Batting: RHB Sean Gilbert
|
0-0: Ball 1-0: Ball 2-0: Foul Ball, location: 2F 2-1: Swinging Strike 2-2: Strikes out swinging
|
|
Batting: RHB Glen Limeburner
|
0-0: Called Strike 0-1: Ball 1-1: Ball 2-1: Ground out 6-3 (Groundball, 6, EV 89.4 MPH)
|
|
Batting: RHB Joe Nelson
|
0-0: Fly out, F8 (Flyball, 8RS, EV 90.6 MPH)
|
| Top of the 5th over - 0 runs, 0 hits, 0 errors, 0 left on base; Kelowna 0 - Miami Beach 5 |
| BOTTOM OF THE 5TH |
|
Miami Beach Marlins batting - Pitching for Kelowna Heat : RHP Eric McBryde
|
|
Batting: SHB Emmet Brickowski
|
0-0: SOLO HOME RUN (Line Drive, 9D, EV 98.8 MPH), Distance : 401 ft
|
|
Pitching: RHP James Jenkins
|
|
|
Batting: LHB Luis Ortegon
|
0-0: Foul Ball, location: 2F 0-1: Foul Ball, location: 2F 0-2: Ball 1-2: Ball 2-2: Ball 3-2: Strikes out swinging
|
|
Batting: RHB Melvin Nava
|
0-0: Ball 1-0: SOLO HOME RUN (Flyball, 9LD, EV 98.1 MPH), Distance : 356 ft
|
|
Batting: RHB Corbin Chauvin
|
0-0: Ground out 2-3 (Groundball, 15S, EV 71.9 MPH)
|
|
Batting: RHB Chris Harlow
|
0-0: Ball 1-0: Ground out 5-3 (Groundball, 56, EV 78.8 MPH)
|
| Bottom of the 5th over - 2 runs, 2 hits, 0 errors, 0 left on base; Kelowna 0 - Miami Beach 7 |
| TOP OF THE 6TH |
|
Kelowna Heat batting - Pitching for Miami Beach Marlins : RHP Ib Skovgaard
|
|
Batting: LHB Billy Lang
|
0-0: Foul Ball, location: 2F 0-1: Foul Ball, location: 2F 0-2: Foul Ball, location: 2F 0-2: Strikes out looking
|
|
Pitching: RHP Elvis Calderon
|
|
|
Batting: RHB Mike Storey
|
0-0: Foul Ball, location: 2F 0-1: Ball 1-1: SOLO HOME RUN (Flyball, 7D, EV 98.1 MPH), Distance : 392 ft
|
|
Batting: RHB Troy Trice
|
0-0: Foul Ball, location: 2F 0-1: Ball 1-1: Ball 2-1: Foul Ball, location: 2F 2-2: Ball 3-2: Fly out, F8 (Line Drive, 8RM, EV 97.5 MPH)
|
|
Batting: LHB Alex Larangho
|
0-0: Foul Ball, location: 2F 0-1: Foul Ball, location: 2F 0-2: Strikes out swinging
|
| Top of the 6th over - 1 run, 1 hit, 0 errors, 0 left on base; Kelowna 1 - Miami Beach 7 |
| BOTTOM OF THE 6TH |
|
Miami Beach Marlins batting - Pitching for Kelowna Heat : RHP James Jenkins
|
|
Batting: RHB Jim Smallwood
|
0-0: Ball 1-0: Called Strike 1-1: Foul Ball, location: 2F 1-2: Strikes out looking
|
|
Batting: RHB Torquato Uso
|
0-0: Swinging Strike 0-1: Ball 1-1: Foul Ball, location: 2F 1-2: Foul Ball, location: 2F 1-2: Ball 2-2: Fly out, F7 (Flyball, 7S, EV 86.9 MPH)
|
|
Batting: LHB Henry Huezo
|
0-0: Called Strike 0-1: SINGLE (Groundball, 6MS, EV 83.8 MPH) (infield hit)
|
|
Batting: RHB Orlando Melendres
|
0-0: Ball 1-0: Ball 2-0: Called Strike Henry Huezo steals 2nd base 2-1: SINGLE (Groundball, 6D, EV 104.4 MPH) Henry Huezo to third Runner from 3rd tries for Home, SAFE, throw by CF to home Orlando Melendres to second
|
|
Batting: SHB Emmet Brickowski
|
0-0: Foul Ball, location: 2F 0-1: Ball 1-1: Called Strike 1-2: Ball 2-2: Ball 3-2: Foul Ball, location: 2F 3-2: Foul Ball, location: 2F 3-2: Ground out 5-3 (Groundball, 56D, EV 88.1 MPH)
|
| Bottom of the 6th over - 1 run, 2 hits, 0 errors, 1 left on base; Kelowna 1 - Miami Beach 8 |
| TOP OF THE 7TH |
|
Kelowna Heat batting - Pitching for Miami Beach Marlins : RHP Elvis Calderon
|
|
Batting: RHB Soichi Kaneshiro
|
0-0: Called Strike 0-1: Foul Ball, location: 2F 0-2: Strikes out looking
|
|
Batting: LHB Robert Leary
|
0-0: Ball 1-0: Ball 2-0: Foul Ball, location: 2F 2-1: Ground out 4-3 (Groundball, 34, EV 80.0 MPH)
|
|
Pinch Hitting: RHB Jose Sanchez
|
0-0: Foul Ball, location: 2F 0-1: Ball 1-1: Ground out 6-3 (Groundball, 6, EV 98.8 MPH)
|
| Top of the 7th over - 0 runs, 0 hits, 0 errors, 0 left on base; Kelowna 1 - Miami Beach 8 |
| BOTTOM OF THE 7TH |
|
Miami Beach Marlins batting - Pitching for Kelowna Heat : RHP James Jenkins
|
|
Now at 3B: Michael Woodard
|
|
|
Now at SS: Soichi Kaneshiro
|
|
|
Pinch Hitting: RHB Mike Day
|
0-0: Ball 1-0: Ball 2-0: Ball 3-0: Called Strike 3-1: Foul Ball, location: 2F 3-2: Foul Ball, location: 2F 3-2: Base on Balls
|
|
Pitching: RHP Sam Burrill
|
|
|
Pinch Hitting: RHB Bill Atley
|
0-0: Ball 1-0: Ball 2-0: Ball Mike Day steals 2nd base 3-0: Base on Balls
|
|
Batting: RHB Corbin Chauvin
|
0-0: Swinging Strike 0-1: Foul Ball, location: 2F 0-2: Foul Ball, location: 2F 0-2: Strikes out swinging
|
|
Batting: RHB Chris Harlow
|
0-0: Called Strike 0-1: Ball 1-1: Ball 2-1: Foul Ball, location: 2F 2-2: Strikes out looking
|
|
Pinch Hitting: RHB Cody Leonard
|
0-0: Foul Ball, location: 2F 0-1: Foul Ball, location: 2F 0-2: Foul Ball, location: 2F 0-2: Ball 1-2: Foul Ball, location: 2F 1-2: Ball 2-2: Fly out, F8 (Line Drive, 8LM, EV 93.8 MPH)
|
| Bottom of the 7th over - 0 runs, 0 hits, 0 errors, 2 left on base; Kelowna 1 - Miami Beach 8 |
| TOP OF THE 8TH |
|
Kelowna Heat batting - Pitching for Miami Beach Marlins : RHP Elvis Calderon
|
|
Now at 1B: Takao Ogura
|
|
|
Now in CF: Mike Day
|
|
|
Now in RF: Cody Leonard
|
|
|
Batting: RHB Glen Limeburner
|
0-0: Swinging Strike 0-1: Called Strike 0-2: Ball 1-2: Ground out 6-3 (Groundball, 6MD, EV 107.5 MPH)
|
|
Batting: RHB Joe Nelson
|
0-0: Called Strike 0-1: Ball 1-1: Swinging Strike 1-2: Strikes out looking
|
|
Pinch Hitting: LHB Willy Berrios
|
0-0: Ground out 5-3 (Groundball, 5S, EV 86.9 MPH)
|
| Top of the 8th over - 0 runs, 0 hits, 0 errors, 0 left on base; Kelowna 1 - Miami Beach 8 |
| BOTTOM OF THE 8TH |
|
Miami Beach Marlins batting - Pitching for Kelowna Heat : RHP Sam Burrill
|
|
Now in CF: Willy Berrios
|
|
|
Pinch Hitting: RHB Kazumi Inouye
|
0-0: Hit by Pitch
|
|
Pinch Hitting: RHB Josh Jones
|
0-0: Ball Kazumi Inouye steals 2nd base 1-0: Foul Ball, location: 2F 1-1: Ball 2-1: Called Strike 2-2: Ball 3-2: Fly out, F7 (Flyball, 7, EV 84.4 MPH)
|
|
Batting: RHB Orlando Melendres
|
0-0: Ball 1-0: Ball 2-0: Ball 3-0: Called Strike 3-1: Base on Balls
|
|
Pitching: RHP Steven Kennett
|
|
|
Pinch Hitting: RHB Jose Rolon
|
0-0: Ball 1-0: Ball 2-0: Fly out, F8 (Line Drive, 8RD, EV 95.6 MPH) Runner from 2nd tags up, SAFE at 3rd with throw by CF
|
|
Pinch Hitting: RHB Troy Bush
|
0-0: Called Strike 0-1: Fly out, F8 (Flyball, 8RM, EV 88.1 MPH)
|
| Bottom of the 8th over - 0 runs, 0 hits, 0 errors, 2 left on base; Kelowna 1 - Miami Beach 8 |
| TOP OF THE 9TH |
|
Kelowna Heat batting - Pitching for Miami Beach Marlins : RHP Elvis Calderon
|
|
Now at 2B: Kazumi Inouye
|
|
|
Now at 3B: Troy Bush
|
|
|
Now in LF: Josh Jones
|
|
|
Now in CF: Steve Beaulieu
|
|
|
Pinch Hitting: LHB Ricardo Torres
|
0-0: Foul Ball, location: 2F 0-1: Ball 1-1: SINGLE (Line Drive, 4MD, EV 106.9 MPH)
|
|
Pinch Hitting: LHB Caleb Hartwell
|
0-0: Called Strike 0-1: Ball 1-1: Fly out, F7 (Flyball, 7LS, EV 90.0 MPH)
|
|
Batting: LHB Alex Larangho
|
0-0: Ball 1-0: Called Strike 1-1: Foul Ball, location: 2F 1-2: Ball 2-2: Ball 3-2: 2-RUN HOME RUN (Flyball, 9D, EV 98.1 MPH), Distance : 388 ft
|
|
Pinch Hitting: RHB Joey Black
|
0-0: Called Strike 0-1: Ball 1-1: Foul Ball, location: 2F 1-2: Strikes out swinging
|
|
Pinch Hitting: RHB Jason Fink
|
0-0: Ball 1-0: Ball 2-0: Fly out, F8 (Flyball, 8LD, EV 81.2 MPH)
|
| Top of the 9th over - 2 runs, 2 hits, 0 errors, 0 left on base; Kelowna 3 - Miami Beach 8 |
|